 Dungeon Crawl Stone Soup version 0.24-a0-274-gb3763e6 (webtiles) character file.

Game seed: 13098813604311516083

427 Collin1234 the Chopper (level 6, -4/57 HPs)
             Began as a Hill Orc Berserker on Apr 26, 2019.
             Was a Priest of Trog.
             Killed by nerve-wracking pain
             ... invoked by an orc priest
              (11 damage)
             ... on level 4 of the Dungeon.
             The game lasted 00:07:00 (3865 turns).

Collin1234 the Chopper (Hill Orc Berserker)         Turns: 3865, Time: 00:07:01

Health: -4/57      AC: 15    Str: 20    XL:     6   Next: 97%
Magic:  6/6        EV:  6    Int:  9    God:    Trog [***...]
Gold:   165        SH:  0    Dex: 10    Spells: 5/5 levels left

rFire    . . .     SeeInvis .   a - +0 hand axe
rCold    . . .     Gourm    .   (no shield)
rNeg     . . .     Faith    .   e - +0 plate armour
rPois    .         Spirit   .   m - +0 helmet
rElec    .         Reflect  .   (no cloak)
rCorr    .         Harm     .   (no gloves)
MR       .....                  h - +2 pair of boots
Stlth    ..........             (no amulet)
HPRegen  0.19/turn              (no ring)
MPRegen  0.10/turn              (no ring)

@: no status effects
A: no striking features
a: Berserk, Trog's Hand, Renounce Religion, Convert to Beogh


You were on level 4 of the Dungeon.
You worshipped Trog.
Trog was most pleased with you.
You were not hungry.

You visited 1 branch of the dungeon, and saw 4 of its levels.

You collected 165 gold pieces.

Inventory:

Hand Weapons
 a - a +0 hand axe (weapon)
Armour
 e - a +0 plate armour (worn)
 h - a +2 pair of boots (worn)
 m - a +0 helmet (worn)
Jewellery
 p - an uncursed ring of flight {unknown}
 s - an uncursed amulet of regeneration {unknown}
Wands
 q - a wand of flame (17)
Scrolls
 l - a scroll of remove curse
 n - a scroll of teleportation
 r - a scroll of enchant armour
Potions
 b - a potion of cancellation {unknown}
 c - a potion of magic {unknown}
 d - a potion of might {unknown}
 f - a potion of lignification {unknown}
 g - 4 potions of curing
 i - 2 potions of heal wounds {unknown}
 j - a potion of degeneration {unknown}
 k - a potion of brilliance {unknown}
 o - a potion of mutation {unknown}
Comestibles
 t - a ration


   Skills:
 + Level 6.1 Fighting
 + Level 7.2 Axes
 + Level 3.2 Armour
 + Level 2.2 Dodging
 + Level 0.5 Stealth


You had 5 spell levels left.
You didn't know any spells.
Your spell library was empty.

Dungeon Overview and Level Annotations

Branches:
Dungeon (4/15)
 Temple: D:4-7

Altars:
Yredelemnul


Message History

The orc priest is almost dead.
The orc priest shouts, "Surrender to Beogh and we'll let you live!"
The orc priest hits you but does no damage.
You hit the orc priest but do no damage.
The orc priest is almost dead.
You hit the orc priest but do no damage.
The orc priest shouts, "Join the one true god or die!"
The orc priest is almost dead.
The orc priest hits you but does no damage.
You hit the orc priest but do no damage.
The orc priest is almost dead.
The orc priest calls down the wrath of Beogh upon you.
Pain shoots through your body!
* * * LOW HITPOINT WARNING * * *
The orc priest shouts, "Surrender to Beogh and we'll let you live!"
You hit the orc priest but do no damage.
The orc priest is almost dead.
The orc priest calls down the wrath of Beogh upon you.
Pain shoots through your body!
You die...

...#.# ##.#.# ##
##.#.############..
..(....?..........#
##.#.#.##########.#
##.#.#.# .# ...#.#.# .#
####.#.##########)###.#
####.#..........@o....#
..##.#.##.......)#......
..##......#.(((.## .....
.......####..#.## .###
..####.# #..##.# # ..#
#.# #..# #.# ..# #.#
#..# ..# ..# #.. ...# .#
..# ##. ..... .#


You could see an orc priest.

Vanquished Creatures
  A phantom (D:4)
  2 orc priests
  A bullfrog zombie (D:2)
  A hound (D:4)
  A centaur skeleton (D:4)
  A worker ant (D:4)
  Robin (D:3)
  4 adders
  An ooze (D:2)
  3 worms
  2 dart slugs
  3 leopard geckos
  9 orcs
  6 giant cockroaches
  13 goblins
  13 hobgoblins
  5 jackals (D:2)
  7 kobolds
  6 bats
  3 frilled lizards
  13 rats
96 creatures vanquished.

Notes
Turn   | Place    | Note
-------+----------+-------------------------------------------
     0 | D:1      | Collin1234 the Hill Orc Berserker began the quest for the
                  | Orb.
     0 | D:1      | Reached XP level 1. HP: 19/19 MP: 1/1
   480 | D:1      | Reached XP level 2. HP: 27/27 MP: 2/2
  1155 | D:1      | Reached XP level 3. HP: 32/33 MP: 3/3
  1214 | D:1      | Reached skill level 5 in Axes
  1503 | D:2      | Found a faded altar of an unknown god.
  1730 | D:2      | Reached ** piety under Trog
  1730 | D:2      | Reached XP level 4. HP: 41/41 MP: 4/4
  2153 | D:2      | Reached XP level 5. HP: 19/47 MP: 5/5
  2725 | D:3      | Reached skill level 6 in Axes
  2740 | D:3      | Reached skill level 5 in Fighting
  3145 | D:3      | Found a basalt altar of Yredelemnul.
  3256 | D:3      | Noticed Robin
  3280 | D:3      | Reached *** piety under Trog
  3310 | D:3      | Killed Robin
  3556 | D:4      | Reached XP level 6. HP: 53/57 MP: 6/6
  3682 | D:4      | Noticed a phantom
  3755 | D:4      | Killed a phantom
  3755 | D:4      | Reached skill level 7 in Axes
  3865 | D:4      | Killed from afar by an orc priest

Levels and vault maps discovered:
D:1:      evilmike_arrival_run_for_it, layout_loops_ring
D:2:      layout_loops_ring, chequers_ecumenical_altar_simple_redux,
          kennysheep_nub
D:3:      layout_loops_cross, lemuel_round_altar, first_ration, uniq_robin
D:4:      layout_loops_ring, st_stairs_5, okawaru_altar_gauntlet_db

Skill      XL: |  1  2  3  4  5  6 |
---------------+-------------------+-----
Fighting       | 4 5 6 |  6.1
Axes           | 5 6 7 |  7.2
Dodging        | 2 |  2.2
Armour         | 3 |  3.2
Stealth        | |  0.5

Action                   |  1- 3 |  4- 6 || total
-------------------------+-------+-------++-------
Melee: Hand axe          |   117 |   287 ||   404
Invok: Berserk           |       |     1 ||     1
  Use: Scroll            |     2 |     6 ||     8
  Eat: Chunk             |     1 |     4 ||     5
       Ration            |     1 |     1 ||     2
Armor: Animal skin       |    38 |     4 ||    42
       Plate armour      |       |   184 ||   184
Dodge: Dodged            |    70 |    99 ||   169

Table legend:
 A = Non-vault XP
 B = Vault XP
 C = Vault XP percentage of total XP
 D = Non-vault monster count
 E = Vault monster count
 F = Vault count percentage of total count
                 A         B        C        D         E       F
            +---------+---------+-------+---------+---------+-------
      Total |     569 |      41 |   6.7 |      83 |      13 |  13.5
            +---------+---------+-------+---------+---------+-------
        D:1 |      38 |       5 |  11.6 |      24 |       1 |   4.0
        D:2 |     129 |       0 |   0.0 |      31 |       0 |   0.0
        D:3 |      95 |      36 |  27.5 |      17 |      12 |  41.4
        D:4 |     307 |       0 |   0.0 |      11 |       0 |   0.0
            +---------+---------+-------+---------+---------+-------
